 Dungeon Crawl Stone Soup version 0.29-a0-620-g13ace881f2 (webtiles) character file.

Game seed: 16755316535246197257

86 ptdevnull the Skirmisher (level 4, -2/41 HPs)
             Began as a Gnoll Abyssal Knight on June 18, 2022.
             Was a Priest of Lugonu.
             Slain by an orc warrior
             ... wielding a +0 long sword
              (14 damage)
             ... on level 3 of the Dungeon.
             The game lasted 00:04:26 (2430 turns).

ptdevnull the Skirmisher (Gnoll Abyssal Knight)     Turns: 2430, Time: 00:04:26

Health: -2/41      AC:  4    Str: 14    XL:     4   Next: 50%
Magic:  7/7        EV: 12    Int: 10    God:    Lugonu [***...]
Gold:   143        SH:  0    Dex: 12    Spells: 5/5 levels left

rFire   . . .      SeeInvis .   l - +0 halberd
rCold   . . .      Faith    .   (shield currently unavailable)
rNeg    . . .      Spirit   .   b - +0 leather armour
rPois   .          Reflect  .   s - +0 helmet
rElec   .          Harm     .   (no cloak)
rCorr   .          Rampage  .   (no gloves)
Will    .....                   (no boots)
Stlth   +.........              (no amulet)
HPRegen 0.13/turn               (no ring)
MPRegen 0.10/turn               (no ring)

@: no status effects
A: fangs 1, strong nose, distributed training
a: Renounce Religion, Depart the Abyss, Bend Space, Banish


You were on level 3 of the Dungeon.
You worshipped Lugonu.
Lugonu was most pleased with you.
You visited 1 branch of the dungeon, and saw 4 of its levels.
You visited the Abyss 1 time.

You collected 143 gold pieces.

Inventory:

Hand Weapons
 a - a +1 spear
 l - a +0 halberd (weapon)
Missiles
 e - 3 datura-tipped darts
 f - 7 poisoned darts
 m - 2 throwing nets
 t - 5 javelins
Armour
 b - a +0 leather armour (worn)
 k - a +0 buckler
 s - a +0 helmet (worn)
Wands
 v - a wand of mindburst (9)
Scrolls
 c - 2 scrolls of enchant armour {unknown}
 d - 2 scrolls of teleportation {unknown}
 g - a scroll of brand weapon {unknown}
 h - 5 scrolls of identify {unknown}
 i - a scroll of silence {unknown}
 j - a scroll of blinking {unknown}
 n - a scroll of immolation
 p - 2 scrolls of poison {unknown}
 q - a scroll of enchant weapon {unknown}
 r - a scroll of vulnerability {unknown}
Potions
 o - 2 potions of curing {unknown}
 u - 2 potions of berserk rage {unknown}
 w - a potion of lignification {unknown}


   Skills:
 + Level 6.6 Fighting
 + Level 1.1 Short Blades
 + Level 1.1 Long Blades
 + Level 1.1 Axes
 + Level 1.1 Maces & Flails
 + Level 4.6 Polearms
 + Level 1.1 Staves
 + Level 1.1 Slings
 + Level 1.1 Bows
 + Level 1.1 Crossbows
 + Level 1.1 Throwing
 + Level 4.6 Armour
 + Level 2.7 Dodging
 + Level 1.1 Stealth
 + Level 1.1 Shields
 + Level 1.1 Unarmed Combat
 + Level 1.1 Spellcasting
 + Level 0.9 Conjurations
 + Level 0.9 Hexes
 + Level 0.9 Summonings
 + Level 0.9 Necromancy
 + Level 0.9 Translocations
 + Level 0.9 Transmutations
 + Level 0.9 Fire Magic
 + Level 0.9 Ice Magic
 + Level 0.9 Air Magic
 + Level 0.9 Earth Magic
 + Level 0.9 Poison Magic
 + Level 4.7 Invocations
 + Level 1.1 Evocations


You had 5 spell levels left.
You didn't know any spells.
Your spell library contained the following spells:

 Spells                   Type           Power      Damage    Failure   Level
 Ensorcelled Hibernation  Hex/Ice        4%         N/A       41%         2
 Spider Form              Tmut/Pois      2%         N/A       65%         3
 Anguish                  Hex/Necr       1%         N/A       96%         4


Dungeon Overview and Level Annotations

Branches:
Dungeon (4/15)
 Temple: D:4-7

Altars:


Innate Abilities, Weirdness & Mutations

You have very sharp teeth.
Your uncanny sense of smell can sniff out nearby items.
Your experience applies equally to all skills.


Message History

Unknown command.
You see here a quokka corpse.
An orc comes into view. It is wielding a +0 dagger.
The orc priest calls down the wrath of Beogh upon you.
Beogh smites you!
The orc wizard casts a spell.
The orc wizard flickers and vanishes!
Deactivating autopickup; reactivate with Ctrl-A.
The orc priest looks encouraged for a moment.
There is a stone staircase leading up here.
You climb upwards.
Reactivating autopickup.
There is a stone staircase leading down here.
You barely miss the orc warrior. The orc warrior closely misses you.
You closely miss the orc warrior.
The orc warrior hits you with a +0 long sword!!
Ouch! That really hurt!
* * * LOW HITPOINT WARNING * * *
You hit the orc warrior.
The orc warrior is lightly wounded.
The orc warrior closely misses you.
You completely miss the orc warrior.
You bite the orc warrior, but do no damage.
The orc warrior is lightly wounded.
The orc warrior closely misses you. The orc warrior barely misses you.
You hit the orc warrior. Your bite misses the orc warrior.
The orc warrior is lightly wounded.
The orc warrior barely misses you.
You hit the orc warrior but do no damage.
Your bite misses the orc warrior.
The orc warrior is lightly wounded.
The orc warrior closely misses you.
You hit the orc warrior but do no damage.
The orc warrior is lightly wounded.
The orc warrior hits you but does no damage.
You hit the orc warrior but do no damage.
You bite the orc warrior, but do no damage.
The orc warrior is lightly wounded.
The orc warrior hits you with a +0 long sword!
You die...

#######.....#..#
...............#
#####....#####.#
##......## #.#
...#....# ###.###
......### #..(..#
..##..# #.....#
.##..#######.....#
....## #........@#
.#### #.......o.#
.# #.........#
.#######.........#
.................#
########....##.###
#....##..#
#....###.#
########.#### #.#


You could see an orc warrior.

Vanquished Creatures
  2 adders (D:3)
  2 worms (D:2)
  4 dart slugs
  3 orcs (D:3)
  A ball python (D:4)
  3 endoplasms
  3 giant cockroaches
  5 goblins
  4 hobgoblins
  4 quokkas
  4 bats
  A frilled lizard (D:2)
  6 kobolds
  12 rats
54 creatures vanquished.

Notes
Turn   | Place    | Note
-------+----------+-------------------------------------------
     0 | Abyss:1  | ptdevnull the Gnoll Abyssal Knight began the quest for the
                  | Orb.
     0 | Abyss:1  | Reached XP level 1. HP: 23/23 MP: 3/3
    26 | Abyss:1  | Noticed a neqoxec
    27 | D:1      | Escaped the Abyss
   201 | D:1      | Reached XP level 2. HP: 29/29 MP: 5/5
   255 | D:1      | Reached ** piety under Lugonu
   574 | D:1      | Found a faded altar of an unknown god.
   931 | D:2      | Reached XP level 3. HP: 35/35 MP: 6/6
  1679 | D:3      | Reached skill level 1 in Short Blades
  1679 | D:3      | Reached skill level 1 in Long Blades
  1679 | D:3      | Reached skill level 1 in Axes
  1679 | D:3      | Reached skill level 1 in Maces & Flails
  1679 | D:3      | Reached skill level 1 in Staves
  1679 | D:3      | Reached skill level 1 in Slings
  1679 | D:3      | Reached skill level 1 in Bows
  1679 | D:3      | Reached skill level 1 in Crossbows
  1679 | D:3      | Reached skill level 1 in Throwing
  1679 | D:3      | Reached skill level 1 in Stealth
  1679 | D:3      | Reached skill level 1 in Shields
  1679 | D:3      | Reached skill level 1 in Unarmed Combat
  1679 | D:3      | Reached skill level 1 in Spellcasting
  1679 | D:3      | Reached skill level 1 in Evocations
  1695 | D:3      | Reached XP level 4. HP: 16/41 MP: 7/7
  2343 | D:3      | Reached *** piety under Lugonu
  2403 | D:4      | Noticed an orc warrior
  2430 | D:3      | Slain by an orc warrior

Illustrated notes

Levels and vault maps discovered:
D:1:      minmay_arrival_diagonal_passages, layout_loops_ring,
          hellmonk_ecumenical_altar_blasted, chequers_serial_rivers_small_a
D:2:      layout_basic
D:3:      layout_rooms
D:4:      layout_loops_ring, minmay_temple_entry_crystal_x,
          guppyfry_early_orc_mine, uniq_ijyb

Skill      XL: |  1  2  3 |
---------------+----------+-----
Short Blades   | 1 |  1.1
Long Blades    | 1 |  1.1
Axes           | 1 |  1.1
Maces & Flails | 1 |  1.1
Staves         | 1 |  1.1
Slings         | 1 |  1.1
Bows           | 1 |  1.1
Crossbows      | 1 |  1.1
Throwing       | 1 |  1.1
Stealth        | 1 |  1.1
Shields        | 1 |  1.1
Unarmed Combat | 1 |  1.1
Spellcasting   | 1 |  1.1
Evocations     | 1 |  1.1
Fighting       | |  6.6
Polearms       | |  4.6
Armour         | |  4.6
Dodging        | |  2.7
Conjurations   | |  0.9
Hexes          | |  0.9
Summonings     | |  0.9
Necromancy     | |  0.9
Translocations | |  0.9
Transmutations | |  0.9
Fire Magic     | |  0.9
Ice Magic      | |  0.9
Air Magic      | |  0.9
Earth Magic    | |  0.9
Poison Magic   | |  0.9
Invocations    | |  4.7

Action                   |  1- 3 |  4- 6 || total
-------------------------+-------+-------++-------
Melee: Spear             |    50 |       ||    50
       Halberd           |    93 |    41 ||   134
       Bite              |    11 |     4 ||    15
Invok: Depart the Abyss  |     1 |       ||     1
 Stab: Sleeping          |     2 |     1 ||     3
Armor: Leather armour    |    38 |    15 ||    53
Dodge: Dodged            |    67 |    23 ||    90
Block: Buckler           |     5 |       ||     5

Table legend: (Time is in decaauts)
 A = Elapsed time spent in this place.
 B = Non-inter-level travel time spent in this place.
 C = Inter-level travel time spent in this place.
 D = Time resting spent in this place.
 E = Time spent auto-exploring this place.
 F = Levels seen in this place.
 G = Mean time per level.
                   A        B        C        D        E       F      G
               +--------+--------+--------+--------+--------+-----+--------+
         Total |   2462 |   2408 |     54 |    186 |   1772 |   5 |  492.4 |
       Dungeon |   2435 |   2381 |     54 |    186 |   1747 |   4 |  608.8 |
         Abyss |     27 |     27 |      0 |      0 |     25 |   1 |   27.0 |
               +--------+--------+--------+--------+--------+-----+--------+

Top non-repeatable levels by time:
     D:3: 860 daAuts
     D:1: 775 daAuts
     D:2: 746 daAuts
     D:4: 54 daAuts
 Abyss:1: 27 daAuts
